 Dungeon Crawl Stone Soup version 0.28-a0-998-gb9e9c7b67e (webtiles) character file.

Game seed: 8454329370756069082

29 ytrimaz the Firebug (level 3, 0/21 HPs)
             Began as an Octopode Fire Elementalist on Dec 5, 2021.
             Frozen to death by an endoplasm (1 damage)
             ... on level 1 of the Dungeon.
             The game lasted 00:01:12 (995 turns).

ytrimaz the Firebug (Octopode Fire Elementalist)     Turns: 995, Time: 00:01:13

Health: 0/21       AC:  1    Str:  7    XL:     3   Next: 16%
Magic:  3/6        EV: 13    Int: 19    God:
Gold:   18         SH:  0    Dex: 12    Spells: 5/6 levels left

rFire   . . .      SeeInvis .   (no weapon)
rCold   . . .      Faith    .   (no shield)
rNeg    . . .      Spirit   .   (helmet restricted)
rPois   .          Reflect  .   (no amulet)
rElec   .          Harm     .   (no ring)
rCorr   .          Rampage  .   (no ring)
Will    .....                   (no ring)
Stlth   +++.......              (no ring)
HPRegen 0.07/turn               (no ring)
MPRegen 0.10/turn               (no ring)
                                (no ring)
                                (no ring)

@: no status effects
A: almost no armour, amphibious, 8 rings, camouflage 1, gelatinous body 1,
(nimble swimmer 1), tentacles
a: no special abilities


You were on level 1 of the Dungeon.
You visited 1 branch of the dungeon, and saw 1 of its levels.

You collected 18 gold pieces.

Inventory:

Jewellery
 a - a ring of see invisible


   Skills:
 + Level 2.2 Dodging
 + Level 2.8 Stealth
 + Level 2.3 Spellcasting
 + Level 1.3 Conjurations
 + Level 3.5 Fire Magic


You had 5 spell levels left.
You knew the following spells:

 Your Spells              Type           Power      Damage    Failure   Level
a - Foxfire               Conj/Fire      44%        2x1d6     6%          1

Your spell library contained the following spells:

 Spells                   Type           Power      Damage    Failure   Level
 Scorch                   Fire           30%        2d6       5%          2
 Conjure Flame            Conj/Fire      11%        6-21      19%         3
 Inner Flame              Hex/Fire       9%         N/A       24%         3
 Flame Wave               Conj/Fire      11%        2d5       52%         4


Dungeon Overview and Level Annotations

Branches:
Dungeon (1/15)

Altars:


Innate Abilities, Weirdness & Mutations

You cannot wear most types of armour.
You are amphibious.
You can wear up to eight rings at the same time.
Your skin changes colour to match your surroundings (Stealth+).
Your rubbery body absorbs attacks. (AC +1, EV +1)
((You are camouflaged near water. (Stealth+)))
You have tentacles for arms and can constrict up to eight enemies at once.


Message History

The jackal is lightly wounded.
The jackal barely misses you. x2
You tentacle-slap the jackal. You grab the jackal.
The jackal is heavily wounded.
You constrict the jackal, but do no damage.
The jackal bites you.
* * * LOW HITPOINT WARNING * * *
You tentacle-slap the jackal but do no damage.
The jackal is heavily wounded.
You constrict the jackal, but do no damage.
The jackal bites you.
* * * LOW HITPOINT WARNING * * *
Unknown command.
You tentacle-slap the jackal but do no damage.
The jackal is heavily wounded.
You constrict the jackal, but do no damage.
The jackal misses you.
The endoplasm jiggles.
The jackal misses you.
Unknown command.
You aren't carrying any potions.
You aren't carrying any scrolls.
You tentacle-slap the jackal.
The jackal is almost dead.
You constrict the jackal, but do no damage.
The jackal closely misses you.
Unknown command.
You tentacle-slap the jackal but do no damage.
The jackal is almost dead.
You constrict the jackal.
You kill the jackal!
Unknown command.
You barely miss the endoplasm.
The endoplasm hits you but does no damage.
Unknown command.
You tentacle-slap the endoplasm.
The endoplasm is lightly wounded.
The endoplasm freezes you.
You are frozen.
You die...

l...##.÷#.†..#.##########...#.#
##...#..#....#.#
#...........### ###...##....#.#
#.....†..###... ###.......#.#
#........# #.## ###..#..#.#
#........# #.# ##..###.#
#........###.# ##..##.#
#........'...#
##.##.####........######
#..#..@J...)...........
##...########.......### #.
##...# #.......### .#.. ###...#
#.......... ...##.##..#
#.......### #....##..#
#.......# #....##..# ######.##
.. #...##..# #.# ....##....#..#
#.#


You could see an endoplasm.

Vanquished Creatures
  2 dart slugs (D:1)
  A ball python (D:1)
  A bat (D:1)
  An endoplasm (D:1)
  2 giant cockroaches (D:1)
  3 hobgoblins (D:1)
  4 jackals (D:1)
  A quokka (D:1)
  5 frilled lizards (D:1)
  A kobold (D:1)
  2 rats (D:1)
23 creatures vanquished.

Vanquished Creatures (others)
  56 foxfires (D:1)
  12 plants (D:1)
68 creatures vanquished.

Grand Total: 91 creatures vanquished

Notes
Turn   | Place    | Note
-------+----------+-------------------------------------------
     0 | D:1      | ytrimaz the Octopode Fire Elementalist began the quest for
                  | the Orb.
     0 | D:1      | Reached XP level 1. HP: 11/11 MP: 3/3
   461 | D:1      | Reached XP level 2. HP: 16/17 MP: 3/5
   961 | D:1      | Reached XP level 3. HP: 8/21 MP: 2/6
   990 | D:1      | HP: 1/21 [jackal (2)]
   995 | D:1      | Frozen to death by an endoplasm

Illustrated notes

Levels and vault maps discovered:
D:1:      arrival_zaba_pyramid, layout_basic, minmay_misc_feat_plants,
          minmay_lizard_king

Action                   || total
-------------------------++-------
Melee: Unarmed           ||    26
       Constrict         ||     5
       Tentacles         ||     2
 Cast: Foxfire           ||    38
Armor: Skin              ||     2
Dodge: Dodged            ||    40

Table legend: (Time is in decaauts)
 A = Elapsed time spent in this place.
 B = Non-inter-level travel time spent in this place.
 C = Inter-level travel time spent in this place.
 D = Time resting spent in this place.
 E = Time spent auto-exploring this place.
 F = Levels seen in this place.
 G = Mean time per level.
                   A        B        C        D        E       F      G
               +--------+--------+--------+--------+--------+-----+--------+
         Total |    995 |    995 |      0 |      7 |    795 |   1 |  995.0 |
       Dungeon |    995 |    995 |      0 |      7 |    795 |   1 |  995.0 |
               +--------+--------+--------+--------+--------+-----+--------+

Top non-repeatable levels by time:
     D:1: 995 daAuts
